 Dungeon Crawl Stone Soup version 0.19.1 (webtiles) character file.

333 esteth the Poker (level 6, 0/44 HPs)
             Began as a Merfolk Skald on Dec 23, 2016.
             Slain by an adder (1 damage)
             ... on level 3 of the Dungeon on Dec 24, 2016.
             The game lasted 00:23:00 (4441 turns).

esteth the Poker (Merfolk Skald)                    Turns: 4441, Time: 00:23:00

Health: 0/44       AC:  3    Str: 17    XL:     6   Next: 52%
Magic:  10/11      EV: 12    Int: 22    God:
Gold:   126        SH:  0    Dex: 13    Spells: 3 memorised, 5 levels left

rFire  . . .     SeeInvis .     u - +0 trident
rCold  . . .     Gourm    .     b - +0 leather armour
rNeg   . . .     Faith    .     (no shield)
rPois  .         Spirit   .     (no helmet)
rElec  .         Reflect  .     (no cloak)
rCorr  .         Harm     .     (no gloves)
MR     .....                    (no boots)
Stlth  +.........               (no amulet)
                                r - +3 ring of intelligence
                                m - +5 ring of strength

@: brilliant, lethally poisoned (0 -> -3), about to teleport, infused
A: change form in water, swift swim, stealthy swim
a: no special abilities


You were on level 3 of the Dungeon.
You were hungry.

You visited 1 branch of the dungeon, and saw 4 of its levels.
You also visited: Sewer.

You collected 126 gold pieces.

Inventory:

Hand Weapons
 u - a +0 trident (weapon)
Armour
 b - a +0 leather armour (worn)
Jewellery
 m - a +5 ring of strength (left hand)
 n - a +4 ring of strength
 r - a +3 ring of intelligence (right hand)
Scrolls
 f - a scroll of teleportation
 g - a scroll of remove curse
 j - 2 scrolls of fear
Potions
 e - 4 potions of flight
 h - a potion of magic
Books
 c - a book of Battle

   Spells                             Type                      Level
   a - Infusion                       Charms                       1
   b - Shroud of Golubria             Charms/Translocation         2
   c - Song of Slaying                Charms                       2
   d - Spectral Weapon                Hexes/Charms                 3
   e - Regeneration                   Charms/Necromancy            3
Comestibles
 a - a royal jelly
 d - 5 bread rations
 p - 2 fruits
 q - 2 slices of pizza


   Skills:
 - Level 2.1 Fighting
 - Level 6.6 Polearms
 - Level 0.6 Armour
 - Level 2.3 Dodging
 * Level 3.3 Spellcasting
 + Level 1.8 Hexes
 + Level 4.4 Charms


You had 5 spell levels left.
You knew the following spells:

 Your Spells              Type           Power        Failure   Level  Hunger
a - Infusion              Chrm           ####         1%          1    None
b - Song of Slaying       Chrm           #####...     1%          2    ##.....
c - Spectral Weapon       Hex/Chrm       ####....     1%          3    ###....


Dungeon Overview and Level Annotations

Branches:
Dungeon (4/15)
 Temple: D:4-7

Altars:
Hepliaklqana


Message History

The adder barely misses you.
There is a stone staircase leading up here.
The adder barely misses you.
You climb upwards.
There is a stone staircase leading down here.
Okay, then.
Okay, then.
Casting: Spectral Weapon
Confirm with . or Enter, or press ? or * to list all spells.
You begin infusing your attacks with magical energy.
The adder bites you.
* * * LOW HITPOINT WARNING * * *
You are lethally poisoned!
The adder poisons you!
Okay, then.
As you read the scroll of teleportation, it crumbles to dust.
You feel strangely unstable.
* * * LOW HITPOINT WARNING * * *
You feel sick. The adder misses you. The adder bites you.
You die...

#######.##............#.....<..##
......####...............#..#....
......................##.#...#...
####................[###.#.#.....
# ####.........(<...............
#...#.#..............###...##
#.............(...##...#...##
####..#......S.............##
##..##.###.@...#............
#..###.# #....(......#####.. #.##
#.###.....<.....# #.. #.#
#..##...........### ##.
##.#####.####.#####.(...####.
####..##.........# #..........
##....###.........# ###....###.
#....####.........#####..##..####
#................................


You could see an adder.

Vanquished Creatures
  Terence (D:2)
  Jessica (D:2)
  Ijyb (D:2)
  2 sirens (Sewer)
  A merfolk avatar (Sewer)
  A hound skeleton (D:4)
  Robin (D:2)
  5 adders
  2 river rats (Sewer)
  8 leopard geckos
  An orc (D:2)
  8 giant cockroaches
  11 goblins
  10 hobgoblins
  2 kobolds
  A quokka (D:2)
  8 ball pythons
  A bat (D:3)
  8 frilled lizards
  27 rats
100 creatures vanquished.

Notes
Turn   | Place    | Note
-------+----------+-------------------------------------------
     0 | D:1      | esteth the Merfolk Skald began the quest for the Orb.
     0 | D:1      | Reached XP level 1. HP: 16/16 MP: 3/3
   530 | D:1      | Reached skill level 4 in Polearms
   530 | D:1      | Reached XP level 2. HP: 21/22 MP: 5/5
   807 | D:2      | Noticed Jessica
   816 | D:2      | Killed Jessica
   816 | D:2      | Reached skill level 5 in Polearms
   816 | D:2      | Reached XP level 3. HP: 11/27 MP: 1/6
  1219 | D:2      | Noticed Ijyb
  1243 | D:2      | Killed Ijyb
  1243 | D:2      | Reached XP level 4. HP: 21/33 MP: 7/7
  1332 | D:2      | Reached skill level 6 in Polearms
  1359 | D:2      | Noticed Terence
  1378 | D:2      | Killed Terence
  1558 | D:2      | Learned a level 2 spell: Song of Slaying
  2062 | D:3      | Noticed Robin
  2070 | D:2      | Reached XP level 5. HP: 35/38 MP: 4/8
  2229 | D:2      | Learned a level 3 spell: Spectral Weapon
  2261 | D:2      | Killed Robin
  3195 | D:4      | Found a glowing drain.
  3243 | Sewer    | Entered a sewer
  3379 | Sewer    | Reached skill level 1 in Hexes
  3785 | Sewer    | Reached XP level 6. HP: 44/44 MP: 10/10
  4367 | D:4      | Found a hazy altar of Hepliaklqana.
  4434 | D:4      | HP: 1/44 [adder (3)]
  4440 | D:3      | HP: 1/44 [adder (1)]
  4441 | D:3      | Slain by an adder

Skill      XL: |  1  2  3  4  5  6 |
---------------+-------------------+-----
Polearms       | 4 5 6 |  6.6
Dodging        | 2 |  2.3
Charms         | 4 |  4.4
Hexes          | 1 |  1.8
Spellcasting   | 3 |  3.3
Fighting       | |  2.1
Armour         | |  0.6

Action                   |  1- 3 |  4- 6 || total
-------------------------+-------+-------++-------
Melee: Spear             |    60 |    88 ||   148
       Trident           |       |   132 ||   132
       Tailslap          |       |     2 ||     2
 Cast: Infusion          |     6 |    19 ||    25
       Song of Slaying   |       |     4 ||     4
       Spectral Weapon   |       |     1 ||     1
  Use: Scroll            |     3 |    10 ||    13
       Potion            |       |     4 ||     4
 Stab: Distracted        |     1 |       ||     1
       Sleeping          |       |     3 ||     3
       Invisible         |       |     2 ||     2
  Eat: Chunk             |     1 |    10 ||    11
Armor: Leather armour    |    12 |    30 ||    42
Dodge: Dodged            |    20 |   112 ||   132
